 Dungeon Crawl Stone Soup version 0.30-a0-779-g7971cf19c3 (console) character file.

Game seed: 8206436214171183719

31 Ignak the Ogre Mage (level 3, 0/33 HPs)
             Began as an Ogre Hedge Wizard on Feb 17, 2023.
             Killed from afar by Natasha (7 damage)
             ... with a magic dart
             ... on level 2 of the Dungeon.
             The game lasted 00:02:20 (1446 turns).

Ignak the Ogre Mage (Ogre Hedge Wizard)             Turns: 1446, Time: 00:02:21

Health: 0/33       AC:  3    Str: 16    XL:     3   Next: 22%
Magic:  1/8        EV:  9    Int: 15    God:
Gold:   47         SH:  0    Dex:  8    Spells: 1/9 levels left

rFire   . . .      SeeInvis +    f - +0 club
rCold   . . .      Faith    .    (no shield)
rNeg    . . .      Spirit   .    b - +0 robe
rPois   .          Reflect  .    c - +0 hat
rElec   .          Harm     .    (no cloak)
rCorr   .          Rampage  .    (gloves unavailable)
Will    .....                    (boots unavailable)
Stlth   +                        (no amulet)
HPRegen 0.25/turn                h - ring of see invisible
MPRegen 0.11/turn                (no ring)

@: very slightly contaminated
A: large, unfitting armour, tough skin 1
a: no special abilities


You were on level 2 of the Dungeon.
You visited 1 branch of the dungeon, and saw 2 of its levels.

You collected 47 gold pieces.

Inventory:

Hand Weapons
 f - a +0 club (weapon)
 g - a +0 whip
Missiles
 i - a throwing net
Armour
 b - a +0 robe (worn)
 c - a +0 hat (worn)
Jewellery
 h - a ring of see invisible (left hand)
Scrolls
 e - a scroll of teleportation {unknown}
 j - a scroll of identify {unknown}
 k - 2 scrolls of fear {unknown}
Potions
 a - a potion of resistance {unknown}
 d - a potion of magic


   Skills:
 + Level 1.1 Fighting
 * Level 0.0 Maces & Flails
 + Level 0.7 Armour
 + Level 2.1 Dodging
 - Level 1.4 Stealth
 + Level 3.8 Spellcasting
 + Level 1.2 Conjurations
 - Level 0.8 Summonings
 + Level 1.3 Translocations
 + Level 0.0 Air Magic
 + Level 0.0 Poison Magic


You had one spell level left.
You knew the following spells:

 Your Spells              Type           Power      Damage    Failure   Level
a - Magic Dart            Conj           24%        1d4       11%         1
b - Blink                 Tloc           12%        N/A       16%         2
d - Mephitic Cloud        Conj/Pois/Air  4%         N/A       41%         3
e - Call Imp              Summ           5%         N/A       21%         2

Your spell library contained the following spells:

 Spells                   Type           Power      Damage    Failure   Level
 Slow                     Hex            8%         N/A       19%         1
 Cigotuvi's Dreadful Rot  Necr/Pois/Air  4%         N/A       28%         2


Dungeon Overview and Level Annotations

Branches:
Dungeon (2/15)

Altars:
Yredelemnul

Annotations:
D:2 Natasha


Innate Abilities, Weirdness & Mutations

You are too large for most types of armour.
You have tough skin. (AC +1)


Message History

You are very lightly contaminated with residual magic.
Nothing appears to happen.
Natasha claws you but does no damage.
Casting: Magic Dart (safe; 11% risk of failure)
Confirm with . or Enter, or press ? or * to list all spells.
Aiming: Magic Dart (safe; 11% risk of failure)
Press: ? - help, Shift-Dir - straight line, f/p - Natasha
Aim: Natasha (moderately wounded, 100% to hit)
The magic dart hits Natasha.
Natasha is heavily wounded.
Natasha claws you.
A ball python comes into view.
Casting: Magic Dart (safe; 11% risk of failure)
Confirm with . or Enter, or press ? or * to list all spells.
Aiming: Magic Dart (safe; 11% risk of failure)
Press: ? - help, Shift-Dir - straight line, f/p - Natasha
Aim: Natasha (heavily wounded, 100% to hit)
You miscast Magic Dart.
Nothing appears to happen.
The ball python hisses angrily.
Natasha claws you.
Sorry, you're not good enough to have a special ability.
Casting: Magic Dart (safe; 11% risk of failure)
Confirm with . or Enter, or press ? or * to list all spells.
You don't know that spell.
Casting: Magic Dart (safe; 11% risk of failure)
Confirm with . or Enter, or press ? or * to list all spells.
Aiming: Magic Dart (safe; 11% risk of failure)
Press: ? - help, Shift-Dir - straight line, f/p - Natasha
Aim: Natasha (heavily wounded, 100% to hit)
You miscast Magic Dart.
Nothing appears to happen.
Natasha claws you!
* * * LOW HITPOINT WARNING * * *
Casting: Magic Dart (safe; 11% risk of failure)
Confirm with . or Enter, or press ? or * to list all spells.
Aiming: Magic Dart (safe; 11% risk of failure)
Press: ? - help, Shift-Dir - straight line, f/p - Natasha
Aim: Natasha (heavily wounded, 100% to hit)
The magic dart hits Natasha but does no damage.
Natasha is heavily wounded.
Natasha stares at you and mumbles some strange words.
The magic dart hits you!
You die...

# #..##>...#### ....... #
#.#...#....#####.........
###.#.###.##...............
......###.#########........
##...###....# ##J......
###.## #....# #........ #.#
#....# ##........ ###
#....######J<.......
#........@hg#.......
#....#########.....# #....#
#...## #....# #### #....#
#....# ######


You could see Natasha, an endoplasm and a goblin.

Vanquished Creatures
  3 ball pythons
  5 bats (D:1)
  3 goblins
  A jackal (D:1)
  2 quokkas (D:1)
  A frilled lizard (D:1)
  2 kobolds (D:1)
  3 rats
20 creatures vanquished.

Vanquished Creatures (collateral kills)
  A worm (D:2)
  A dart slug (D:2)
  A hobgoblin (D:2)
  A jackal (D:1)
4 creatures vanquished.

Grand Total: 24 creatures vanquished

Notes
Turn   | Place    | Note
-------+----------+-------------------------------------------
     0 | D:1      | Ignak the Ogre Hedge Wizard began the quest for the Orb.
     0 | D:1      | Reached XP level 1. HP: 16/16 MP: 5/5
    55 | D:1      | Reached skill level 1 in Conjurations
    55 | D:1      | Reached skill level 1 in Translocations
   462 | D:1      | Reached XP level 2. HP: 18/26 MP: 0/6
   465 | D:1      | Learned a level 2 spell: Blink
   468 | D:1      | Learned a level 2 spell: Call Imp
   923 | D:1      | Reached skill level 1 in Fighting
  1208 | D:2      | Found a basalt altar of Yredelemnul.
  1232 | D:2      | Reached XP level 3. HP: 28/33 MP: 5/8
  1407 | D:2      | Learned a level 3 spell: Mephitic Cloud
  1432 | D:2      | Noticed Natasha
  1446 | D:2      | Killed from afar by Natasha

Illustrated notes

Levels and vault maps discovered:
D:1:      dpeg_arrival_stone_temple_mockup, layout_loops_cross,
          roderic_nine_men_s_morris, kennysheep_nondescript
D:2:      layout_rooms, basic_altar, uniq_robin, uniq_natasha

Skill      XL: |  1  2 |
---------------+-------+-----
Conjurations   | 1 |  1.2
Translocations | 1 |  1.3
Dodging        | 2 |  2.1
Fighting       | 1 |  1.1
Armour         | |  0.7
Stealth        | |  1.4
Spellcasting   | |  3.8
Summonings     | |  0.8

Action                     || total
---------------------------++-------
  Melee: Dagger            ||    24
         Club              ||    63
   Cast: Magic Dart        ||    19
         Call Imp          ||     4
 Armour: Robe              ||    55
  Dodge: Dodged            ||    59

Table legend: (Time is in decaauts)
 A = Elapsed time spent in this place.
 B = Non-inter-level travel time spent in this place.
 C = Inter-level travel time spent in this place.
 D = Time resting spent in this place.
 E = Time spent auto-exploring this place.
 F = Levels seen in this place.
 G = Mean time per level.
                   A        B        C        D        E       F      G
               +--------+--------+--------+--------+--------+-----+--------+
         Total |   1463 |   1429 |     34 |    263 |    818 |   2 |  731.5 |
       Dungeon |   1463 |   1429 |     34 |    263 |    818 |   2 |  731.5 |
               +--------+--------+--------+--------+--------+-----+--------+

Top non-repeatable levels by time:
     D:1: 1220 daAuts
     D:2: 242 daAuts
